 Dungeon Crawl Stone Soup version 0.18-b1-16-g289874d (webtiles) character file.

7919 Wooh the Grappler (level 11, -5/111 HPs)
             Began as a Troll Gladiator on May 1, 2016.
             Was an Elder of Zin.
             Slain by a five-headed hydra (10 damage)
             ... on level 10 of the Dungeon.
             The game lasted 00:38:19 (8044 turns).

Wooh the Grappler (Troll Gladiator)                 Turns: 8044, Time: 00:38:20

Health: -5/111     AC:  8    Str: 27    XL:     11   Next: 3%
Magic:  14/14      EV: 12    Int:  6    God:    Zin [****..]
Gold:   510        SH:  0    Dex:  9    Spells: 0 memorised, 10 levels left

rFire  + . .     SeeInvis +       - Unarmed
rCold  . . .     Gourm    +     N - +0 robe of Byt Okhloegru {*Contam +Fly Int+2 SInv} (curse)
rNeg   + . .     Faith    .     (no shield)
rPois  .         Spirit   .     R - +1 hat
rElec  .         Dismiss  .     J - +1 cloak of the Mutiny {rF+ Dex-2 Slay+2 Stlth+}
rCorr  .         Reflect  .     (gloves unavailable)
SustAt .         Harm     .     (boots unavailable)
MR     .....                    (no amulet)
Stlth  +.........               f - ring of loudness (curse)
                                P - ring of positive energy

@: about to teleport, not resistant to hostile enchantments, very unstealthy
A: unfitting armour, claws 3, fast metabolism 3, gourmand, regeneration 2,
shaggy fur 1, tough skin 2
a: Recite, Vitalisation, Imprison, Donate Gold, Renounce Religion, Evoke Flight


You were on level 10 of the Dungeon.
You worshipped Zin.
Zin was greatly pleased with you.
You were not hungry.

You visited 3 branches of the dungeon, and saw 12 of its levels.

You collected 566 gold pieces.
You donated 56 gold pieces to Zin.

Inventory:

Missiles
 c - 4 throwing nets
 e - 17 tomahawks
 t - 2 large rocks (quivered)
 O - 2 javelins
Armour
 a - a +0 robe
 b - a +1 hat
 J - the +1 cloak of the Mutiny (worn) {rF+ Dex-2 Slay+2 Stlth+}
   (You found it on level 6 of the Dungeon)

   It affects your dexterity (-2).
   It affects your accuracy and damage with ranged weapons and melee attacks
   (+2).
   It protects you from fire.
   It makes you more stealthy.
 K - a +1 cloak of poison resistance
 N - the cursed +0 robe of Byt Okhloegru (worn) {*Contam +Fly Int+2 SInv}
   (You found it on level 8 of the Dungeon)

   It affects your intelligence (+2).
   It lets you see invisible.
   It lets you fly.
   It causes magical contamination when unequipped.
   It has a curse placed upon it.
 R - a +1 hat (worn)
Jewellery
 f - a cursed ring of loudness (right claw)
 y - an uncursed ring of stealth
 L - an uncursed ring of fire
 P - a ring of positive energy (left claw)
 S - an uncursed ring of magical power
Wands
 k - a wand of slowing (26/48)
 C - a wand of acid (7/15)
Scrolls
 i - a scroll of immolation {unknown}
 j - 2 scrolls of random uselessness {unknown}
 l - a scroll of fog {unknown}
 o - a scroll of enchant armour
 q - a scroll of amnesia {unknown}
 r - 2 scrolls of magic mapping {unknown}
 s - 6 scrolls of remove curse {unknown}
 A - 3 scrolls of teleportation
 E - a scroll of blinking {unknown}
 F - 2 scrolls of recharging {unknown}
 I - a scroll of noise {unknown}
 M - 3 scrolls of enchant weapon {unknown}
 Q - a scroll of identify
Potions
 h - 2 potions of ambrosia {unknown}
 m - 6 potions of heal wounds
 n - 2 potions of cure mutation {unknown}
 p - a potion of magic {unknown}
 u - 3 potions of might {unknown}
 v - 3 potions of resistance {unknown}
 z - a potion of flight {unknown}
 D - 2 potions of haste {unknown}
 G - a potion of degeneration {unknown}
 H - a potion of curing {unknown}
Comestibles
 d - 13 bread rations
 g - 9 beef jerkies
 w - 7 fruits
 x - 5 slices of pizza
 B - 4 meat rations


   Skills:
 + Level 8.0 Fighting
 + Level 1.7 Throwing
 - Level 6.8 Dodging
 - Level 10.7 Unarmed Combat
 - Level 5.6 Invocations


You had 10 spell levels left.
You didn't know any spells.

Dungeon Overview and Level Annotations

Branches:
Dungeon (10/15)            Temple (1/1) D:5             Orc (1/2) D:9
   Lair: D:8-11

Altars:
Ashenzari
Cheibriados
Dithmenos
Elyvilon
Fedhas
Gozag
Kikubaaqudgha
Makhleb
Nemelex Xobeh
Okawaru
Pakellas
Qazlal
Ru
Sif Muna
Trog
Vehumet
Xom
Yredelemnul
Zin
The Shining One


Innate Abilities, Weirdness & Mutations

You are too large for most types of armour.
You have claws for hands.
Your metabolism is lightning-fast.
You like to eat raw meat.
You heal very quickly.
You are covered in fur (AC +1).
You have very tough skin (AC +2).


Message History

The five-headed hydra bites you but does no damage.
The five-headed hydra closely misses you.
The centaur closely misses you. The five-headed hydra bites you.
* * * LOW HITPOINT WARNING * * *
The five-headed hydra bites you but does no damage.
The five-headed hydra bites you!
* * * LOW HITPOINT WARNING * * *
The five-headed hydra barely misses you.
The five-headed hydra closely misses you.
Read which item? (? for menu, Esc to quit)
As you read the scroll of teleportation, it crumbles to dust.
You feel strangely unstable. The centaur closely misses you.
The five-headed hydra bites you.
* * * LOW HITPOINT WARNING * * *
The five-headed hydra barely misses you.
The five-headed hydra bites you!
* * * LOW HITPOINT WARNING * * *
The five-headed hydra barely misses you.
The five-headed hydra bites you!
You die...

###############
#....(...)....###
#.###D@.........#######
#c#######.#........
#.#.###.### #.########.
..c....((.# #.# #..
........(.# #.# #.8
..........# #.# #..
#.#.#.....# ... ##. #
#.#.....# #. #. #
##...## # ##.


You could see a five-headed hydra and a centaur.

Vanquished Creatures
  Gastronok (D:9)
  A hill giant (D:10)
  Psyche (D:9)
  The ghost of ZenAnTen the Sneak, a novice DsSk of Vehumet (D:5)
  4 yaks (D:9)
  A hippogriff (D:10)
  5 orc warriors
  4 sky beasts
  3 black bears
  3 ice beasts
  A phantom (D:7)
  6 ogres
  3 centaurs
  5 giant frogs
  2 big kobolds (D:9)
  A wyvern skeleton (D:8)
  2 scorpions (D:7)
  5 wights (D:10)
  An electric eel (D:9)
  A howler monkey (D:6)
  3 crimson imps
  3 centaur zombies
  A jelly (D:9)
  Crazy Yiuf (D:7)
  5 hounds
  10 orc priests
  8 orc wizards
  A giant frog skeleton (D:4)
  3 iguanas
  8 worker ants
  2 hound zombies
  A hound skeleton (D:7)
  A worker ant zombie (D:10)
  4 gnolls (D:4)
  6 adders
  A shadow imp (D:7)
  An adder zombie (D:7)
  An ooze (D:4)
  5 worms
  3 dart slugs
  2 giant geckos
  38 orcs
  5 giant cockroaches
  4 goblins
  8 hobgoblins
  16 jackals
  15 kobolds
  5 quokkas
  3 ball pythons
  3 bats
  7 giant newts
  A jackal skeleton (D:8)
  11 rats
  A fungus (D:7)
238 creatures vanquished.

Notes
Turn   | Place    | Note
--------------------------------------------------------------
     0 | D:1      | Wooh the Troll Gladiator began the quest for the Orb.
     0 | D:1      | Reached XP level 1. HP: 19/19 MP: 0/0
   105 | D:1      | Reached XP level 2. HP: 25/27 MP: 1/1
   344 | D:1      | Reached XP level 3. HP: 33/33 MP: 2/2
   775 | D:2      | Reached skill level 4 in Unarmed Combat
   994 | D:2      | Found an oddly glowing altar of Pakellas.
   994 | D:2      | Found a shattered altar of Ashenzari.
  1096 | D:2      | Reached XP level 4. HP: 41/41 MP: 3/3
  1807 | D:3      | Reached XP level 5. HP: 46/48 MP: 4/4
  1964 | D:4      | Reached skill level 5 in Unarmed Combat
  2220 | D:4      | Reached XP level 6. HP: 55/55 MP: 5/5
  2269 | D:4      | Found an opulent altar of Gozag.
  2269 | D:4      | Found a white marble altar of Elyvilon.
  2395 | D:4      | Found a sparkling altar of Nemelex Xobeh.
  2444 | D:4      | Reached skill level 6 in Unarmed Combat
  2664 | D:5      | Entered Level 5 of the Dungeon
  2664 | D:5      | Noticed ZenAnTen's ghost (novice DsSk)
  2669 | D:5      | Killed ZenAnTen's ghost
  2669 | D:5      | Reached skill level 7 in Unarmed Combat
  2669 | D:5      | Reached XP level 7. HP: 43/62 MP: 6/6
  2844 | D:5      | Reached skill level 8 in Unarmed Combat
  2957 | D:5      | Found an ancient bone altar of Kikubaaqudgha.
  3288 | D:5      | Found a staircase to the Ecumenical Temple.
  3297 | Temple   | Entered the Ecumenical Temple
  3329 | Temple   | Became a worshipper of Zin the Law-Giver
  3329 | Temple   | Reached * piety under Zin
  3599 | D:6      | Reached skill level 9 in Unarmed Combat
  3599 | D:6      | Reached XP level 8. HP: 60/70 MP: 7/7
  3669 | D:6      | Reached ** piety under Zin
  3768 | D:6      | Reached skill level 10 in Unarmed Combat
  4305 | D:6      | Got an ichor-stained cloak
  4316 | D:6      | Identified the +1 cloak of the Mutiny {rF+ Dex-2 Slay+2 Stlth+} (You found it on level 6 of the Dungeon)
  4734 | D:7      | Reached XP level 9. HP: 75/80 MP: 8/8
  5332 | D:7      | Reached skill level 5 in Dodging
  5749 | D:7      | Noticed Crazy Yiuf
  5755 | D:7      | Killed Crazy Yiuf
  5940 | D:8      | Reached skill level 1 in Invocations
  5942 | D:8      | Got a faintly glowing robe
  5953 | D:8      | Identified the cursed +0 robe of Byt Okhloegru {*Contam +Fly Int+2 SInv} (You found it on level 8 of the Dungeon)
  6248 | D:8      | Reached *** piety under Zin
  6395 | D:8      | Reached skill level 5 in Fighting
  6420 | D:9      | Noticed Psyche
  6427 | D:9      | Killed Psyche
  6457 | D:9      | Noticed Gastronok
  6472 | D:9      | Killed Gastronok
  6472 | D:9      | Reached skill level 5 in Invocations
  6472 | D:9      | Reached XP level 10. HP: 58/100 MP: 10/12
  6537 | D:9      | Found a blossoming altar of Fedhas.
  6649 | D:9      | Found a staircase to the Orcish Mines.
  7366 | D:9      | Reached **** piety under Zin
  7406 | D:10     | Entered Level 10 of the Dungeon
  7440 | D:10     | Noticed a four-headed hydra
  7510 | Orc:1    | Entered Level 1 of the Orcish Mines
  7655 | Orc:1    | Noticed an orc sorcerer
  7657 | Orc:1    | Paralysed by an orc sorcerer for 6 turns
  7667 | Orc:1    | Paralysed by an orc sorcerer for 7 turns
  7669 | Orc:1    | Noticed an orc sorcerer
  7679 | Orc:1    | Noticed a sixfirhy
  7871 | D:10     | Noticed a hill giant
  7881 | D:10     | Killed a hill giant
  7971 | D:10     | Found a white marble altar of Elyvilon.
  7979 | D:10     | Reached XP level 11. HP: 111/111 MP: 14/14
  8044 | D:10     | HP: 5/111 [five-headed hydra (10)]
  8044 | D:10     | Slain by a five-headed hydra

Skill      XL: |  1  2  3  4  5  6  7  8  9 10 |
---------------+-------------------------------+-----
Dodging        | 3 4 5 6 |  6.8
Unarmed Combat | 4 5 7 9 10 | 10.7
Fighting       | 2 6 8 |  8.0
Invocations    | 5 |  5.6
Throwing       | |  1.7

Action                   |  1- 3 |  4- 6 |  7- 9 | 10-12 || total
-------------------------+-------+-------+-------+-------++-------
Melee: Unarmed           |   107 |   142 |   228 |   177 ||   654
       Punch             |       |     6 |     9 |     9 ||    24
Throw: Tomahawk          |       |       |     3 |       ||     3
       Javelin           |       |       |     3 |       ||     3
       Large rock        |       |       |       |     2 ||     2
Invok: Recite            |       |       |       |     1 ||     1
  Use: Scroll            |       |       |     6 |     2 ||     8
 Stab: Sleeping          |     1 |     5 |     3 |       ||     9
  Eat: Chunk             |    14 |     9 |    37 |    10 ||    70
       Royal jelly       |       |       |       |     2 ||     2
Armor: Robe              |    37 |    40 |    60 |    65 ||   202
Dodge: Dodged            |    44 |    47 |    96 |   115 ||   302
